 Dungeon Crawl Stone Soup version 0.27-a0-1301-g128193abf8 (webtiles) character file.

Game seed: 11110842575102345960

35 flotson the Sneak (level 3, -1/29 HPs)
             Began as a Demonspawn Delver on June 17, 2021.
             Slain by a hound (2 damage)
             ... on level 4 of the Dungeon on June 18, 2021.
             The game lasted 00:02:35 (690 turns).

flotson the Sneak (Demonspawn Delver)                Turns: 690, Time: 00:02:36

Health: -1/29      AC:  3    Str: 13    XL:     3   Next: 16%
Magic:  3/3        EV: 12    Int: 11    God:
Gold:   10         SH:  0    Dex: 14    Spells: 2/2 levels left

rFire    . . .     SeeInvis .   a - +0 hand axe
rCold    . . .     Faith    .   (no shield)
rNeg     . . .     Spirit   .   b - +0 leather armour
rPois    .         Reflect  .   (helmet restricted)
rElec    .         Harm     .   (no cloak)
rCorr    .         Rampage  .   (no gloves)
Will     .....                  (no boots)
Stlth    ++........             (no amulet)
HPRegen  0.09/turn              (no ring)
MPRegen  0.08/turn              (no ring)

@: no status effects
A: horns 1, ignite blood 1
a: no special abilities


You were on level 4 of the Dungeon.
You visited 1 branch of the dungeon, and saw 2 of its levels.

You collected 10 gold pieces.

Inventory:

Hand Weapons
 a - a +0 hand axe (weapon)
Armour
 b - a +0 leather armour (worn)
Wands
 g - a wand of digging (3)
Scrolls
 c - a scroll of fog
 h - a scroll of vulnerability {unknown}


   Skills:
 + Level 3.3 Fighting
 + Level 2.2 Axes
 + Level 1.1 Armour
 + Level 2.2 Dodging
 - Level 4.5 Stealth


You had 2 spell levels left.
You didn't know any spells.
Your spell library contained the following spells:

 Spells                   Type           Power      Damage    Failure   Level
 Animate Skeleton         Necr           0%         N/A       41%         1
 Pain                     Necr           0%         1d4       41%         1
 Vampiric Draining        Necr           0%         2d6       80%         3
 Animate Dead             Necr           0%         N/A       99%         4
 Agony                    Necr           0%         N/A       100%        5


Dungeon Overview and Level Annotations

Branches:
Dungeon (5/15)
 Temple: D:4-7

Altars:


Innate Abilities, Weirdness & Mutations

You have a pair of small horns on your head.
Your demonic aura sometimes causes spilled blood to erupt in flames.


Message History

The gnoll hits you with a +0 club. The gnoll misses you.
The gnoll closely misses you.
You barely miss the gnoll. You headbutt the gnoll.
The gnoll is severely wounded.
You hit the gnoll but do no damage. The gnoll barely misses you.
The gnoll closely misses you. The gnoll barely misses you.
As you read the scroll of magic mapping, it crumbles to dust.
You feel aware of your surroundings.
Found a stone staircase leading up.
There is a stone staircase leading up here.
You climb upwards.
The gnoll shouts!
A hobgoblin, 2 gnolls and a gnoll shaman come into view.
The gnoll shouts!
The hobgoblin shouts!
You hear a bark!
Found a pink potion and 19 sling bullets.
There is a stone staircase leading down here.
As you read the scroll of magic mapping, it crumbles to dust.
You feel aware of your surroundings.
You sensed 2 shops/portals.
The gnoll hits you from afar with a +0 halberd!
As you read the scroll of fear, it crumbles to dust.
You assume a fearsome visage.
The gnoll shaman looks frightened!
The gnoll looks frightened! x2
The gnoll shouts!
The gnoll looks frightened!
The hobgoblin looks frightened!
A hound comes into view.
The hobgoblin looks petrified.
Found a stone staircase leading down.
Found a stone staircase leading up.
An adder comes into view.
The hound bites you. The hound bites you.
* * * LOW HITPOINT WARNING * * *
The hound barely misses you. The hound bites you.
* * * LOW HITPOINT WARNING * * *
Found a scroll of fog.
The hound closely misses you.
There is a stone staircase leading up here.
The hound bites you.
You die...

*,,,,,,,,,,.......>..............
,,,,,,,*,,*#.........S.........#.
,,,*,,,,,.##.....##..............
,,,*,,,,,.................!.#....
,,,,,,,,,,.......##.(......##...g
,*,,,,,,,,,#...........#...#*..g#
,*,,,,,,*,,#...........#...g..###
,,,,,*,,*#.#.....h............,**
**,,,,,,*#?.....@..............,,
**,,,,,,,#.........##..........,,
*,,,,,,*,.#.....##.#..........,,,
,,***,***,#.....,.....#.....,,,,*
,,,,,,**,...g......#.##.....,,,,,
,,,,,,,,,............#,,...,,,,,,
,,,,,,**,...........*#*,,,,,,,,**
,,,*,,,,,.......,,...,*,,,,,,,,*,
,***,,,,,,,,,,,,,,,,,,,,,,,,,,,,,


You could see a hound, a gnoll (fleeing) and an adder (wandering).

Vanquished Creatures
  A hound (D:5)
  A dart slug (D:5)
  An orc (D:5)
3 creatures vanquished.

Notes
Turn   | Place    | Note
-------+----------+-------------------------------------------
     0 | D:5      | flotson the Demonspawn Delver began the quest for the Orb.
     0 | D:5      | Reached XP level 1. HP: 18/18 MP: 1/1
    31 | D:5      | Noticed a water moccasin
    31 | D:5      | Noticed an ogre
    89 | D:5      | Noticed a hound
   158 | D:5      | Killed a hound
   159 | D:5      | Reached skill level 1 in Armour
   159 | D:5      | Gained mutation: Your demonic aura sometimes causes spilled
                  | blood to erupt in flames. [demonic ancestry]
   159 | D:5      | Reached XP level 2. HP: 5/24 MP: 2/2
   159 | D:5      | Gained mutation: You have a pair of small horns on your
                  | head. [demonic ancestry]
   159 | D:5      | Reached XP level 3. HP: 6/29 MP: 3/3
   688 | D:4      | HP: 1/29 [hound (4)]
   690 | D:4      | Slain by a hound

Illustrated notes

Levels and vault maps discovered:
D:4:      layout_cave_pools, serial_shops, shop,
          nicolae_shop_sticking_my_neck_out
D:5:      layout_basic, uniq_duvessa

Skill      XL: |  1 |
---------------+----+-----
Axes           | 2 |  2.2
Armour         | 1 |  1.1
Dodging        | 2 |  2.2
Fighting       | |  3.3
Stealth        | |  4.5

Action                   || total
-------------------------++-------
Melee: Hand axe          ||    23
       Headbutt          ||     2
  Use: Potion            ||     1
       Scroll            ||     3
 Stab: Sleeping          ||     1
Armor: Leather armour    ||     4
Dodge: Dodged            ||    22

Table legend: (Time is in decaauts)
 A = Elapsed time spent in this place.
 B = Non-inter-level travel time spent in this place.
 C = Inter-level travel time spent in this place.
 D = Time resting spent in this place.
 E = Time spent auto-exploring this place.
 F = Levels seen in this place.
 G = Mean time per level.
                   A        B        C        D        E       F      G
               +--------+--------+--------+--------+--------+-----+--------+
         Total |    674 |    674 |      0 |      0 |    479 |   2 |  337.0 |
       Dungeon |    674 |    674 |      0 |      0 |    479 |   2 |  337.0 |
               +--------+--------+--------+--------+--------+-----+--------+

Top non-repeatable levels by time:
     D:5: 661 daAuts
     D:4: 13 daAuts
